 Dungeon Crawl Stone Soup version 0.26-a0-664-gc8b27b8fc1 (webtiles) character file.

Game seed: 2059151853921568814

168 PentaManta the Ducker (level 5, 0/27 HPs)
             Began as a Spriggan Berserker on Oct 13, 2020.
             Was a Believer of Trog.
             Killed from afar by an orc wizard (12 damage)
             ... with a magic dart
             ... on level 3 of the Dungeon.
             The game lasted 00:05:01 (2823 turns).

PentaManta the Ducker (Spriggan Berserker)          Turns: 2823, Time: 00:05:01

Health: 0/27       AC:  2    Str: 13    XL:     5   Next: 23%
Magic:  6/6        EV: 21    Int:  9    God:    Trog [**....]
Gold:   126        SH:  0    Dex: 16    Spells: 4/4 levels left

rFire    . . .     SeeInvis +   a - +0 short sword
rCold    . . .     Faith    .   (shield restricted)
rNeg     . . .     Spirit   .   b - +0 animal skin
rPois    .         Reflect  .   (helmet restricted)
rElec    .         Harm     .   (no cloak)
rCorr    .         Rampage  .   (gloves unavailable)
MR       +++..                  (boots unavailable)
Stlth    +.........             (no amulet)
HPRegen  1.09/turn              q - ring of protection from magic
MPRegen  0.10/turn              (no ring)

@: berserk cooldown, regenerating, slowed, quick
A: very small, unfitting armour, see invisible, speed 3
a: Berserk, Trog's Hand, Renounce Religion


You were on level 3 of the Dungeon.
You worshipped Trog.
Trog was pleased with you.
You visited 1 branch of the dungeon, and saw 3 of its levels.

You collected 126 gold pieces.

Inventory:

Hand Weapons
 a - a +0 short sword (weapon)
 i - a +0 hunting sling
 s - a +0 dagger
Missiles
 j - 116 stones (quivered)
 m - 35 sling bullets
Armour
 b - a +0 animal skin (worn)
Jewellery
 q - a ring of protection from magic (left hand)
Scrolls
 d - a scroll of remove curse {unknown}
 e - 2 scrolls of teleportation {unknown}
 k - 3 scrolls of enchant weapon {unknown}
 l - a scroll of magic mapping {unknown}
 n - a scroll of fear {unknown}
 p - a scroll of fog {unknown}
Potions
 c - 3 potions of might
 f - 3 potions of flight {unknown}
 g - a potion of haste {unknown}
 h - 4 potions of lignification {unknown}
 o - a potion of mutation {unknown}
 r - a potion of curing


   Skills:
 - Level 2.4 Fighting
 * Level 5.7 Short Blades
 + Level 6.0 Dodging


You had 4 spell levels left.
You didn't know any spells.
Your spell library contained the following spells:

 Spells                   Type           Power        Failure   Level
 Confusing Touch          Hex            #.......     77%         3
 Gell's Gravitas          Tloc           #.........   77%         3
 Petrify                  Tmut/Erth      #.......     99%         4
 Metabolic Englaciation   Hex/Ice        #.........   100%        5
 Yara's Violent Unravell  Hex/Tmut       #.........   100%        5


Dungeon Overview and Level Annotations

Branches:
Dungeon (3/15)

Altars:
Wu Jian


Innate Abilities, Weirdness & Mutations

You are very small and have problems with some larger weapons.
You are too small for most types of armour.
You have supernaturally acute eyesight. (SInv)
You cover ground extremely quickly.


Message History

Your skin crawls.
You feel resistant to hostile enchantments.
The orc wizard hits you with a +0 dagger.
The orc wizard hits you but does no damage.
You hit the orc wizard.
The orc wizard is severely wounded.
The orc wizard hits you but does no damage.
The orc wizard mumbles some strange words.
The orc wizard blinks!
The orc wizard casts a spell at you. The magic dart hits you!
* * * LOW HITPOINT WARNING * * *
There is an open door here.
You close the door.
An orc priest comes into view.
The orc wizard is no longer moving quickly.
There is a stone staircase leading down here.
The orc wizard casts a spell at you. The magic dart hits you!
You die...

.#...################...##
.+...# ####.........#.....
##...# #..................
##...# ####.##.####..#.#.#
##.### #.##.......#.#.#
##.########.##.###.....#.####.#
............##.#.'.....#......#
##..........o..#.#....##..#
................@........)#
#######.##...##...........#
#.##...##...........#
#.##...##....o......#
#.##...#####+#'###### #.##...#
#o#.#########
#)##...#####)#.........#
#.##........)[.........# ..#
##......##.........#


You could see an orc priest and an orc wizard.

Vanquished Creatures
  An orc wizard (D:3)
  5 adders (D:2)
  2 worms
  A dart slug (D:2)
  2 leopard geckos (D:2)
  8 orcs (D:3)
  5 giant cockroaches
  9 hobgoblins
  8 jackals
  3 kobolds
  A quokka (D:2)
  2 ball pythons
  10 bats
  7 frilled lizards
  7 goblins
  5 rats
76 creatures vanquished.

Vanquished Creatures (others)
  A bat (D:3)
1 creature vanquished.

Grand Total: 77 creatures vanquished

Notes
Turn   | Place    | Note
-------+----------+-------------------------------------------
     0 | D:1      | PentaManta the Spriggan Berserker began the quest for the
                  | Orb.
     0 | D:1      | Reached XP level 1. HP: 11/11 MP: 2/2
   314 | D:1      | Reached XP level 2. HP: 16/16 MP: 3/3
   860 | D:2      | Found an ornate altar of the Wu Jian Council.
   927 | D:2      | Reached skill level 5 in Dodging
   927 | D:2      | Reached XP level 3. HP: 13/19 MP: 4/4
  1071 | D:2      | Reached ** piety under Trog
  1410 | D:2      | Reached XP level 4. HP: 23/23 MP: 5/5
  1422 | D:2      | Reached skill level 5 in Short Blades
  2798 | D:3      | Reached skill level 6 in Dodging
  2798 | D:3      | Reached XP level 5. HP: 27/27 MP: 6/6
  2823 | D:3      | Killed from afar by an orc wizard

Illustrated notes

Levels and vault maps discovered:
D:1:      eino_arrival_tree_alley, layout_basic, minmay_pentomino_o2
D:2:      layout_basic, overflow_temple_1_default,
          minmay_misc_feat_more_columns, minmay_circle_x
D:3:      layout_basic

Skill      XL: |  1  2  3  4 |
---------------+-------------+-----
Short Blades   | 4 5 |  5.7
Dodging        | 5 6 |  6.0
Fighting       | |  2.4

Action                   |  1- 3 |  4- 6 || total
-------------------------+-------+-------++-------
Melee: Short sword       |   120 |   160 ||   280
Invok: Berserk           |     5 |     4 ||     9
       Trog's Hand       |       |     1 ||     1
  Use: Scroll            |     1 |       ||     1
       Potion            |     1 |       ||     1
 Stab: Sleeping          |     1 |     1 ||     2
Armor: Animal skin       |    14 |    15 ||    29
Dodge: Dodged            |   115 |   148 ||   263

Table legend: (Time is in decaauts)
 A = Elapsed time spent in this place.
 B = Non-inter-level travel time spent in this place.
 C = Inter-level travel time spent in this place.
 D = Time resting spent in this place.
 E = Time spent auto-exploring this place.
 F = Levels seen in this place.
 G = Mean time per level.
                   A        B        C        D        E       F      G
               +--------+--------+--------+--------+--------+-----+--------+
         Total |   2258 |   2203 |     55 |    267 |   1451 |   3 |  752.7 |
       Dungeon |   2258 |   2203 |     55 |    267 |   1451 |   3 |  752.7 |
               +--------+--------+--------+--------+--------+-----+--------+

Top non-repeatable levels by time:
     D:2: 1177 daAuts
     D:1: 564 daAuts
     D:3: 516 daAuts
